AoeStats
← zdenekvais

Black Forest

510110377Analyzed
3v3 RM · 2d ago on Sep 29, 2026· 68m 50s· 6 players
Game mode
Random Map
Map size
Normal (6 player)
Population
200
Speed
Normal
Resources
Standard
Victory
Conquest
Starting age
Dark Age
Ending age
Imperial Age
RankedLock teamsTeams togetherTeam positionsShared explorationLock speedFull tech treeHidden civsTurbo modeCheats
Victory
Defeat
🇳🇱 Hindustanis · Netherlands
512
+16
🇨🇱 Inca · Chile
488
+17
🇧🇷 Wu · Brazil
447
+19
🇨🇿 Byzantines · Czechia
568
-20
🇲🇽 Huns · Mexico
550
-19
🇺🇸 Khitans · United States
403
-13
andresreyesm
1:15 Loom
11:40 Feudal Age
19:22 Champi Runner
NoxiPoxi
4:03 Loom
19:16 Feudal Age
20:57 Wheelbarrow
20:04 Horse Collar
20:15 Double-Bit Axe
21:48 Town Watch
22:45 Stone Mining
25:25 Gold Mining
25:38 Man-at-Arms
26:04 Arson
28:14 Scale Mail Armor
28:42 Forging
31:51 Scale Barding Armor
31:46 Padded Archer Armor
31:37 Fletching
35:37 Castle Age
36:22 Town Patrol
39:43 Hand Cart
42:31 Imperial Age
40:04 Heavy Plow
40:36 Bow Saw
41:57 Iron Casting
41:38 Chain Mail Armor
41:40 Leather Archer Armor
43:01 Grand Trunk Road
43:48 Squires
43:09 Long Swordsman
44:45 Stone Shaft Mining
44:47 Gold Shaft Mining
44:39 Two-Handed Swordsman
45:52 Bodkin Arrow
46:58 Blast Furnace
46:18 Chain Barding Armor
46:59 Caravan
48:11 Hoardings
48:03 Conscription
47:35 Champion
49:33 Two-Man Saw
48:53 Elite Ghulam
50:05 Bloodlines
50:14 Husbandry
51:41 Heavy Camel Rider
54:35 Imperial Camel Rider
56:32 Masonry
56:19 Murder Holes
56:35 Fortified Wall
56:15 Guard Tower
56:47 Ballistics
56:35 Siege Engineers
57:32 Chemistry
57:30 Shatagni
60:17 Heavy Cavalry Archer
61:04 Thumb Ring
62:30 Fervor
66:25 Plate Barding Armor
66:21 Ring Archer Armor
65:51 Bracer
67:48 Pikeman
Brmaicon85
0:59 Loom
12:47 Feudal Age
13:25 Double-Bit Axe
13:24 Horse Collar
14:24 Wheelbarrow
16:45 Man-at-Arms
18:19 Arson
22:26 Gold Mining
22:32 Town Watch
23:41 Bloodlines
23:52 Stone Mining
29:11 Castle Age
29:48 Scale Mail Armor
29:59 Forging
29:56 Scale Barding Armor
30:12 Hand Cart
30:00 Heavy Plow
30:15 Bow Saw
31:26 Town Patrol
31:46 Chain Mail Armor
32:52 Gold Shaft Mining
32:55 Stone Shaft Mining
33:50 Long Swordsman
35:26 Caravan
36:47 Iron Casting
38:21 Husbandry
39:08 Ballistics
38:39 Heated Shot
38:30 Treadmill Crane
39:02 Masonry
42:09 Imperial Age
40:02 Pikeman
40:46 Squires
41:18 Padded Archer Armor
41:09 Fletching
41:40 Chain Barding Armor
41:02 Crossbowman
42:00 Elite Skirmisher
42:43 Two-Handed Swordsman
42:47 Halberdier
42:50 Heavy Hei Guang Cavalry
43:14 Arbalester
43:20 Light Cavalry
45:21 Blast Furnace
44:52 Plate Mail Armor
45:43 Two-Man Saw
50:18 Chemistry
49:49 Architecture
51:03 Red Cliffs Tactics
51:14 Sitting Tiger
51:35 Conscription
50:43 Champion
52:19 Murder Holes
52:14 Guard Tower
52:36 Onager
56:00 Leather Archer Armor
57:03 Keep
Classified2045
0:51 Loom
zdenekvais
11:22 Feudal Age
15:00 Forging
14:43 Double-Bit Axe
15:55 Fletching
16:06 Scale Mail Armor
23:01 Padded Archer Armor
23:08 Scale Barding Armor
29:34 Castle Age
33:50 Caravan
35:34 Bow Saw
35:16 Elite Skirmisher
40:01 Horse Collar
44:16 Imperial Age
42:03 Husbandry
42:57 Wheelbarrow
42:54 Heavy Plow
42:49 Stone Mining
44:06 Iron Casting
45:57 Pikeman
47:36 Man-at-Arms
48:52 Chain Barding Armor
48:48 Leather Archer Armor
48:28 Bodkin Arrow
48:00 Crossbowman
50:38 Plate Barding Armor
50:19 Chain Mail Armor
51:32 Hand Cart
51:39 Heavy Camel Rider
51:40 Cavalier
52:03 Halberdier
53:58 Elite Varangian Guard
55:21 Arbalester
67:33 Long Swordsman
koes08
14:26 Feudal Age
14:32 Man-at-Arms
26:07 Castle Age
27:33 Wheelbarrow
26:20 Crossbowman
26:24 Long Swordsman
27:39 Horse Collar
28:42 Light Cavalry
28:46 Pikeman
32:10 Gold Mining
32:08 Double-Bit Axe
32:36 Heavy Plow
33:41 Gold Shaft Mining
35:58 Bow Saw
37:43 Hand Cart
39:59 Imperial Age
38:52 Elite Skirmisher
44:29 Two-Man Saw
47:40 Heavy Cavalry Archer
47:45 Elite Tarkan
52:04 Halberdier
52:06 Two-Handed Swordsman
53:35 Cavalier
55:06 Fletching
55:16 Padded Archer Armor
56:38 Chemistry
Connection lost

Rejoining the realm…

Still unreachable

The connection could not be restored.

Session expired

The server has moved on; the page needs a fresh start.